 Dungeon Crawl Stone Soup version 0.28-a0-1190-g77e1c55843 (webtiles) character file.

Game seed: 1802579233500939075

1211689 frimble the Cryomancer (level 27, -4/306 HPs)
             Began as a Demonspawn Warper on Dec 18, 2021.
             Was the Champion of Cheibriados.
             Slain by a Hell Sentinel (21 damage)
             ... on level 2 of the Iron City of Dis.
             The game lasted 03:03:11 (80054 turns).

frimble the Cryomancer (Demonspawn Warper)         Turns: 80054, Time: 03:03:12

Health: -4/306     AC: 16    Str: 29      XL:     27
Magic:  9/54       EV: 32    Int: 44 (48) God:    Cheibriados [******]
Gold:   9619       SH:  0    Dex: 33      Spells: 18/62 levels left

rFire   + + +      SeeInvis +   j - +7 pair of quick blades "Gyre" and "Gimble" {protect}
rCold   + + .      Faith    .   (shield currently unavailable)
rNeg    + + +      Spirit   .   Y - +4 troll leather armour
rPois   ∞          Reflect  .   E - +0 mask of the Dragon {Will+ Slay+3 SInv}
rElec   .          Harm     .   h - +4 dragonskin cloak
rCorr   .          Rampage  .   (gloves unavailable)
Will    +++++                   I - +0 pair of boots "Ocau" {rF+ Regen+}
Stlth   +++++++++.              z - amulet of Jufyd Hya {RegenMP rF+}
HPRegen 2.21/turn               i - ring "Koafosiuti" {rC+ Will+++ EV+4 Dex+4 Slay+2}
MPRegen 0.74/turn               s - ring "Usag" {rF+ rN+ MP+9 Int+6}

@: lich-form, corroded, very slow
A: draining attack, torment immunity, no potions, claws 3, molten scales 3,
robust 3, spiny 3, demonic magic 3, strong 1, no potion heal 1, MP-powered
wands, sturdy frame 1
}: 13/15 runes: serpentine, barnacled, slimy, silver, golden, obsidian, bone,
abyssal, demonic, glowing, magical, fiery, dark
a: End Transformation, Renounce Religion, Bend Time, Temporal Distortion,
Slouch, Step From Time


You were on level 2 of the Iron City of Dis.
You worshipped Cheibriados.
Cheibriados was exalted by your worship.
You were an undead lich.
You visited 17 branches of the dungeon, and saw 77 of its levels.
You visited Pandemonium 2 times, and saw 15 of its levels.
You visited the Abyss 2 times.
You visited 1 ziggurat, and saw 15 of its levels.
You also visited: Trove, Bailey and Ice Cave.

You collected 16126 gold pieces.
You spent 6507 gold pieces at shops.

Inventory:

Hand Weapons
 j - the +7 pair of quick blades "Gyre" and "Gimble" (weapon) {protect}
   (You acquired it on level 3 of the Dungeon)

   It grants its wielder temporary protection when it strikes (+7 to AC).
 V - a +9 quick blade of electrocution
Missiles
 b - 15 silver javelins (quivered)
 q - 9 javelins
 C - 3 throwing nets
Armour
 c - a +0 kite shield of reflection
 h - the +4 dragonskin cloak (worn)
   (You took it off Tiamat on level 2 of the Realm of Zot)

   It grants the wearer a chance to resist fire, cold, poison, electricity,
   acid, and negative energy.
 k - the +7 crystal plate armour "Saet Ivi" {Str+4 Int+7}
   (You bought it in a shop on level 11 of the Dungeon)

   Str:       It affects your strength (+4).
   Int:       It affects your intelligence (+7).
 E - the +0 mask of the Dragon (worn) {Will+ Slay+3 SInv}
   (You found it on level 3 of the Realm of Zot)

   Slay:      It affects your accuracy & damage with ranged weapons and melee
   (+3).
   SInv:      It lets you see invisible.
   Will:      It increases your willpower.
 I - the +0 pair of boots "Ocau" (worn) {rF+ Regen+}
   (You found it in a treasure trove)

   rF:        It protects you from fire.
   Regen:     It increases your rate of health regeneration.
 Y - a +4 troll leather armour (worn)
Jewellery
 e - the ring "Beeskyrr" {rN+ Str+6 Slay+4}
   (You found it on level 10 of a ziggurat)

   [ring of slaying]

   Str:       It affects your strength (+6).
   Slay:      It affects your accuracy & damage with ranged weapons and melee
   (+4).
   rN:        It protects you from negative energy.
 i - the ring "Koafosiuti" (left claw) {rC+ Will+++ EV+4 Dex+4 Slay+2}
   (You found it on level 15 of a ziggurat)

   [ring of evasion]

   EV:        It affects your evasion (+4).
   Dex:       It affects your dexterity (+4).
   Slay:      It affects your accuracy & damage with ranged weapons and melee
   (+2).
   rC:        It protects you from cold.
   Will:      It greatly increases your willpower.
 s - the ring "Usag" (right claw) {rF+ rN+ MP+9 Int+6}
   (You found it on level 3 of the Tomb of the Ancients)

   [ring of positive energy]

   Int:       It affects your intelligence (+6).
   rF:        It protects you from fire.
   rN:        It protects you from negative energy.
   MP:        It affects your magic capacity (+9).
 y - the ring "Vecsel" {Wiz *Slow Str+3 Slay+4}
   (You found it on level 5 of the Pits of Slime)

   [ring of wizardry]

   It improves your spell success rate.
   Str:       It affects your strength (+3).
   Slay:      It affects your accuracy & damage with ranged weapons and melee
   (+4).
   *Slow:     It may slow you when you take damage.
 z - the amulet of Jufyd Hya (around neck) {RegenMP rF+}
   (You found it in a treasure trove)

   [amulet of magic regeneration]

   It increases your rate of magic regeneration.
   rF:        It protects you from fire.
 P - a ring of see invisible
 Q - a ring of resist corrosion
Wands
 A - a wand of acid (25)
 G - a wand of iceblast (11)
 O - a wand of polymorph (38)
 R - a wand of paralysis (37)
 W - a wand of digging (14)
Scrolls
 a - 6 scrolls of immolation
 o - 19 scrolls of fog
 F - 17 scrolls of magic mapping
 H - 8 scrolls of enchant armour
 J - 16 scrolls of fear
 K - 7 scrolls of enchant weapon
 L - 13 scrolls of amnesia
 N - 6 scrolls of teleportation
 U - a scroll of silence
 X - 13 scrolls of blinking
Potions
 f - 13 potions of heal wounds
 m - 5 potions of invisibility
 n - 14 potions of brilliance
 p - 8 potions of resistance
 r - 13 potions of lignification
 t - 11 potions of haste
 u - 5 potions of might
 v - 32 potions of curing
 w - 5 potions of magic
 x - 2 potions of mutation
 B - 4 potions of ambrosia
 D - 6 potions of attraction
 M - 5 potions of cancellation
 S - 2 potions of berserk rage
 Z - 6 potions of flight
Miscellaneous
 d - a condenser vane
 g - a figurine of a ziggurat
 l - a tin of tremorstones (2/2)


   Skills:
 + Level 23.6 Fighting
 - Level 7.6(8.0) Short Blades
 - Level 3.2(5.8) Long Blades
 - Level 16.0 Throwing
 - Level 0.9 Armour
 - Level 13.0 Dodging
 - Level 21.1 Stealth
 - Level 18.0 Spellcasting
 - Level 18.0 Necromancy
 - Level 7.5 Translocations
 - Level 16.0 Transmutations
 - Level 24.1 Ice Magic
 + Level 24.1 Earth Magic
 - Level 24.0 Invocations
 - Level 13.2 Evocations


You had 18 spell levels left.
You knew the following spells:

 Your Spells              Type           Power      Damage    Failure   Level
a - Blink                 Tloc           100%       N/A       1%          2
b - Apportation           Tloc           100%       N/A       1%          1
c - Teleport Other        Tloc           81%        N/A       1%          3
d - Passage of Golubria   Tloc           81%        N/A       1%          4
e - Statue Form           Tmut/Erth      80%        N/A       1%          6
f - Necromutation         Tmut/Necr      68%        N/A       3%          8
g - Passwall              Tmut/Erth      100%       N/A       0%          2
h - Polar Vortex          Ice            64%        N/A       3%          9
i - Shatter               Erth           64%        3d48*     3%          9

Your spell library contained the following spells:

 Spells                   Type           Power      Damage    Failure   Level
 Animate Skeleton         Necr           100%       N/A       0%          1
 Beastly Appendage        Tmut           100%       N/A       0%          1
 Pain                     Necr           100%       1d9       0%          1
 Sandblast                Erth           100%       2d20      0%          1
 Ensorcelled Hibernation  Hex/Ice        100%       N/A       0%          2
 Sublimation of Blood     Necr           100%       N/A       0%          2
 Wereblood                Tmut           100%       N/A       0%          2
 Frozen Ramparts          Ice            100%       1d12      0%          3
 Ozocubu's Armour         Ice            100%       N/A       0%          3
 Stone Arrow              Conj/Erth      100%       3d13      0%          3
 Vampiric Draining        Necr           100%       2d13      0%          3
 Animate Dead             Necr           69%        N/A       0%          4
 Dispel Undead            Necr           100%       3d31      0%          4
 Ice Form                 Ice/Tmut       100%       N/A       0%          4
 Agony                    Necr           100%       N/A       0%          5
 Excruciating Wounds      Necr           69%        N/A       0%          5
 Lee's Rapid Deconstruct  Erth           64%        3d30*     0%          5
 Simulacrum               Ice/Necr       73%        N/A       0%          6
 Magic Dart               Conj           100%       1d8       1%          1
 Shock                    Conj/Air       100%       1d9       1%          1
 Slow                     Hex            100%       N/A       1%          1
 Sting                    Tmut/Pois      100%       1d8       1%          1
 Summon Small Mammal      Summ           100%       N/A       1%          1
 Call Imp                 Summ           39%        N/A       1%          2
 Corpse Rot               Necr/Air       100%       N/A       1%          2
 Poisonous Vapours        Pois/Air       78%        N/A       1%          2
 Static Discharge         Conj/Air       39%        N/A       1%          2
 Call Canine Familiar     Summ           39%        N/A       1%          3
 Confusing Touch          Hex            39%        N/A       1%          3
 Dazzling Flash           Conj/Hex       78%        N/A       1%          3
 Gell's Gravitas          Tloc           81%        N/A       1%          3
 Ignite Poison            Fire/Tmut/Pois 72%        N/A       1%          3
 Inner Flame              Hex/Fire       39%        N/A       1%          3
 Lesser Beckoning         Tloc           81%        N/A       1%          3
 Mephitic Cloud           Conj/Pois/Air  39%        N/A       1%          3
 Portal Projectile        Hex/Tloc       100%       N/A       1%          3
 Spider Form              Tmut/Pois      83%        N/A       1%          3
 Summon Guardian Golem    Hex/Summ       39%        N/A       1%          3
 Swiftness                Air            39%        N/A       1%          3
 Animate Armour           Summ/Erth      100%       N/A       1%          4
 Hailstorm                Conj/Ice       98%        3d19      1%          4
 Iskenderun's Mystic Bla  Conj/Tloc      64%        2d13      1%          4
 Leda's Liquefaction      Hex/Erth       49%        N/A       1%          4
 Summon Ice Beast         Ice/Summ       98%        N/A       1%          4
 Alistair's Intoxication  Tmut/Pois      55%        N/A       1%          5
 Blade Hands              Tmut           55%        N/A       1%          5
 Freezing Cloud           Conj/Ice/Air   42%        6-21      1%          5
 Irradiate                Conj/Tmut      41%        3d27      1%          5
 Manifold Assault         Tloc           81%        N/A       1%          5
 Metabolic Englaciation   Hex/Ice        49%        N/A       1%          5
 Yara's Violent Unravell  Hex/Tmut       41%        3d16      1%          5
 Death Channel            Necr           69%        N/A       1%          6
 Dragon Form              Tmut           55%        N/A       1%          7
 Ozocubu's Refrigeration  Ice            64%        4d17      1%          7
 Borgnjor's Revivificati  Necr           69%        N/A       2%          8
 Infestation              Necr           69%        N/A       2%          8
 Summon Forest            Summ/Tloc      32%        N/A       3%          5
 Eringya's Noxious Bog    Tmut/Pois      41%        N/A       3%          6
 Dispersal                Tloc           40%        N/A       4%          6
 Airstrike                Air            19%        N/A       6%          4
 Cause Fear               Hex            19%        N/A       6%          4
 Fulminant Prism          Conj/Hex       19%        3d11      6%          4
 Olgreb's Toxic Radiance  Pois           39%        N/A       6%          4
 Sticky Flame             Conj/Fire      39%        2d6       6%          4
 Summon Lightning Spire   Summ/Air       39%        N/A       6%          4
 Haunt                    Necr/Summ      54%        N/A       12%         7
 Lightning Bolt           Conj/Air       19%        1d34      16%         5
 Silence                  Hex/Air        19%        N/A       16%         5
 Storm Form               Tmut/Air       41%        N/A       19%         7
 Lehudib's Crystal Spear  Conj/Erth      49%        10d12     28%         8
 Death's Door             Necr           69%        N/A       36%         9
 Conjure Ball Lightning   Conj/Air       19%        3x3d6     65%         6
 Starburst                Conj/Fire      19%        6d7       65%         6
 Malign Gateway           Summ/Tloc      32%        N/A       71%         7
 Disjunction              Tloc           40%        N/A       87%         8
 Monstrous Menagerie      Summ           19%        N/A       99%         7
 Orb of Destruction       Conj           19%        9d9       99%         7
 Spellforged Servitor     Conj/Summ      19%        N/A       99%         7
 Summon Hydra             Summ           19%        N/A       99%         7
 Discord                  Hex            19%        N/A       100%        8
 Ignition                 Fire           19%        3d7       100%        8
 Maxwell's Capacitive Co  Air            19%        ∞         100%        8
 Summon Horrible Things   Summ           19%        N/A       100%        8
 Chain Lightning          Conj/Air       19%        3d26      100%        9
 Fire Storm               Conj/Fire      19%        8d5       100%        9


Dungeon Overview and Level Annotations

Branches:
Dungeon (15/15)            Temple (1/1) D:6            Lair (6/6) D:10
 Shoals (4/4) Lair:2        Snake (4/4) Lair:2        Slime (5/5) Lair:6
    Orc (2/2) D:9             Elf (3/3) Orc:2        Vaults (5/5) D:13
  Crypt (3/3) Vaults:2       Tomb (3/3) Crypt:3      Depths (4/4) D:15
   Hell (visited)             Dis (2/7) Hell            Geh (7/7) Hell
    Tar (7/7) Hell            Zot (5/5) Depths:4     Bailey (visited)
  IceCv (visited)
    Coc: Hell:1

Altars:
Cheibriados
Dithmenos
Elyvilon
Fedhas
Gozag
Hepliaklqana
Kikubaaqudgha
Makhleb
Nemelex Xobeh
Okawaru
Qazlal
Ru
Sif Muna
Uskayaw
Vehumet
Zin
The Shining One
Beogh
Jiyva

Shops:
D:3 *   D:11 *   D:14 :[   D:15 ?   Orc:2 [[([   Snake:4 ==:   Vaults:1 [
Vaults:5 =[   Zot:5 *   Depths:1 ??=((   Depths:4 :?*

Portals:
Hell: Depths:1 Depths:2 Depths:3 Depths:4
Abyss: Depths:3
Pandemonium: Depths:2

Annotations:
Lair:3 exclusion: oklob plant
Lair:4 exclusion: oklob plant
Elf:2 3 runed translucent doors


Innate Abilities, Weirdness & Mutations

You are an undead lich.
Your unarmed attacks are suffused with negative energy.
You are immune to unholy pain and torment.
Your necromantic spells are more powerful.
You cannot drink.
You are immune to poison.
You have claws for hands.
You are completely covered in molten scales. (AC +4, rF+)
You are extremely robust. (+30% HP)
You are completely covered in sharp spines.
Spells you cast and wands you use may paralyse nearby enemies.
Your muscles are strong. (Str +2)
Potions are less effective at restoring your health.
You expend magic power (3 MP) to strengthen your wands.
Your movements are slightly less encumbered by armour. (ER -2)


Message History

The iron shot misses you.
You feel yourself come back to life.
A war gargoyle comes into view. It is wielding a +0 morningstar.
A +4 glaive comes into view.
The winds around you calm down.
The ancient champion casts a spell at you.
The iron shot misses you.
The tormentor calls on the powers of darkness!
Your body is wracked with pain!
* * * LOW HITPOINT WARNING * * *
The quicksilver elemental breathes dispelling energy at you.
The bolt of dispelling energy misses you.
A +6 battleaxe comes into view.
The crystal echidna throws volley of spikes at you.
The volley of spikes misses you.
The Hell Sentinel hits you but does no damage.
The Hell Sentinel completely misses you.
The quicksilver elemental breathes dispelling energy at you.
The bolt of dispelling energy misses you.
The crystal echidna throws crystal bolt at you.
The crystal bolt misses you.
The ancient champion gestures at you while chanting.
The iron shot misses you.
A dread lich comes into view.
The Hell Sentinel is struck by your spines.
The Hell Sentinel completely misses you.
The Hell Sentinel barely misses you.
The ancient champion hits you with a +2 great mace!
* * * LOW HITPOINT WARNING * * *
Casting: Shatter (mildly dangerous; 3% risk of failure)
Confirm with . or Enter, or press ? or * to list all spells.
Your body is suffused with negative energy!
Malevolent energies surge around you.
The tormentor suddenly stops moving!
The quicksilver elemental breathes dispelling energy at you.
The bolt of dispelling energy misses you.
The ancient champion points at you and mumbles some strange words.
The iron shot hits you!!!
* * * LOW HITPOINT WARNING * * *
The Hell Sentinel hits you!!
You die...

#........#
##.#.#L... #
........#.) #
##.#.......)
#.#.....(.....
.......r..###
#...29.)..#
#Lz..#
#.))1..#
............#
###...E....##.
##....(...#
...........
##...##..#..
#.... )...#


You could see a Hell Sentinel, a dread lich, a quicksilver elemental (catching
breath), an ancient champion (fast), a crystal echidna, a war gargoyle, a
tormentor (paralysed) and 2 dancing weapons.

Vanquished Creatures
  Asmodeus (Geh:7)
  Dissolution (Slime:4)
  the Royal Jelly (Slime:5)
  Gloorx Vloq (Pan)
  Mnoleg (Pan)
  9 ancient liches
  5 orbs of fire (Zot:5)
  Khufu (Crypt:1)
  10 dread liches
  Tiamat (Zot:2)
  2 juggernauts
  Boris (twice) (Depths:3 Tomb:2)
  Sojobo (Vaults:5)
  33 royal mummies
  3 shard shrikes (Zig:13)
  4 pandemonium lords (Pan)
  Xtahua (Crypt:3)
  Frederick (Depths:4)
  4 Killer Klowns
  Saint Roka (Crypt:3)
  The ghost of leviel the Slayer, an adept HOFi of the Shining One (Vaults:4)
  Bai Suzhen (Vaults:5)
  2 curse toes
  Geryon (Hell)
  A caustic shrike (Depths:3)
  Nikola (Depths:1)
  11 golden dragons
  the Enchantress (Depths:1)
  Jory (Crypt:3)
  8 profane servitors
  14 bone dragons
  6 Tzitzimimeh
  7 doom hounds
  3 electric golems
  An iron giant (Dis:2)
  9 Brimstone Fiends
  2 hellephants
  The ghost of Wuxomergh the Sorcerer, an adept DrCj of Vehumet (Shoals:3)
  19 searing wretches
  A spectral shard shrike (Tar:6)
  18 tentacled monstrosities
  5 Hell Sentinels
  3 walking crystal tomes
  4 Ice Fiends
  11 tainted leviathans
  13 liches
  25 Orb Guardians (Zot:5)
  A shard shrike skeleton (Crypt:3)
  13 titans
  13 acid blobs
  3 deep elf blademasters
  A walking frostbound tome (Depths:2)
  Murray (Hell)
  5 quicksilver dragons
  A walking divine tome (Depths:3)
  A deep elf master archer (Zig:7)
  A tentacled starspawn (Zig:9)
  15 Executioners (Pan)
  Polyphemus (Shoals:2)
  4 death cobs
  A thorn hunter (Zig:2)
  18 ancient champions
  16 shadow dragons
  Frances (Shoals:1)
  13 sphinxes
  Roxanne (Elf:1)
  4 revenants
  Donald (Orc:2)
  19 tengu reavers
  18 storm dragons
  5 draconian monks
  4 draconian knights
  27 fire giants
  6 nagarajas
  A nargun (Zig:13)
  7 azure jellies
  14 rockslimes
  5 demonspawn warmongers (Pan)
  3 iron dragons
  7 deep elf sorcerers
  17 cacodemons (Pan)
  20 frost giants
  17 vault wardens
  Louise (Elf:1)
  Aizul (Vaults:2)
  6 curse skulls
  A juggernaut zombie (Crypt:2)
  10 draconian scorchers
  3 emperor scorpions
  7 ghost moths
  3 ghouls (Crypt:2)
  The ghost of sirJeffrey23 the Grappler, a journeyman TrMo of Yredelemnul (Orc:2)
  27 balrugs
  5 draconian shifters
  13 reapers
  4 deep elf elementalists (Elf:3)
  3 spectral caustic shrikes
  An angel (Pan)
  8 spriggan defenders
  7 war gargoyles
  15 quicksilver oozes
  9 draconian stormcallers
  7 caustic shrike skeletons
  9 demonspawn blood saints
  7 draconian annihilators
  17 ironbound preservers
  A vampire knight (Crypt:1)
  27 very ugly things
  9 ironbound thunderhulks
  23 stone giants
  12 bennus
  5 demonspawn corrupters (Pan)
  4 deep elf demonologists
  5 entropy weavers
  A juggernaut skeleton (Zig:6)
  9 demonspawn black suns (Pan)
  7 black draconians
  5 lorocyprocas
  18 deep elf annihilators
  A bunyip (Zig:5)
  12 purple draconians
  17 putrid mouths
  3 spark wasps
  8 white draconians
  13 green draconians
  10 yellow draconians
  25 dire elephants
  12 red draconians
  6 wendigos
  A spectral titan (Tar:5)
  A crystal guardian (Vaults:4)
  6 deep elf death magi
  Snorg (Lair:6)
  10 eidola
  7 iron golems
  5 green deaths (Pan)
  6 merfolk impalers
  32 mummy priests
  14 blizzard demons
  A spectral quicksilver dragon (Tar:7)
  10 merfolk javelineers
  10 ettins
  The ghost of ytrimaz the Martial Artist, a journeyman OpTm of Ashenzari (D:12)
  12 deep elf high priests
  14 great orbs of eyes
  12 ice dragons
  34 vault guards
  8 salamander tyrants
  7 hydras
  8 fire dragons
  A peacekeeper (Vaults:4)
  8 rakshasas
  17 yaktaur captains
  9 stokers
  An anaconda (shapeshifter) (Elf:3)
  12 naga warriors
  13 ironbound frosthearts
  8 boulder beetles
  7 ogre magi
  3 hell beasts (Pan)
  5 merfolk avatars
  2 juggernaut simulacra (Pan)
  18 centaur warriors
  4 catoblepae
  A satyr (Shoals:3)
  2 spriggan skeletons
  2 alligator snapping turtles
  7 deep troll shamans
  2 fenstrider witch skeletons
  The ghost of lonewolfV2 the Basher, a novice DDFi of Okawaru (Lair:1)
  28 dancing weapons
  11 spriggan air magi
  13 two-headed ogres
  8 merfolk aquamancers
  5 anacondas
  15 death yaks
  An alligator (Snake:1)
  7 vampire magi
  11 tengu warriors
  114 death scarabs
  4 deep troll earth magi
  41 hell hogs
  6 holy swine (Pan)
  16 naga sharpshooters
  5 orc high priests
  11 spriggan berserkers
  3 thrashing horrors
  19 soul eaters
  13 hell knights
  2 shock serpents (shapeshifter) (Vaults:5)
  5 shock serpents
  A crystal echidna (Dis:2)
  36 sun demons
  10 deep elf knights
  16 sixfirhies (Pan)
  A titan skeleton (Crypt:3)
  A wretched star (Zig:9)
  10 shadow wraiths
  6 iron trolls
  32 skeletal warriors
  2 anaconda zombies (Snake:2)
  2 goliath frogs (Snake:1)
  2 storm dragon skeletons
  3 flayed ghosts
  3 salamander mystics
  A spriggan druid (Zig:5)
  46 deep trolls
  A goliath frog (shapeshifter) (Vaults:5)
  6 spectral anacondas
  15 sea snakes
  9 glowing orange brains
  7 shadow demons (Pan)
  A glowing orange brain (shapeshifter) (Elf:3)
  A swamp dragon (Snake:1)
  An orange crystal statue (Zot:5)
  A bunyip skeleton (Crypt:3)
  9 orc knights
  12 ironbound convokers
  18 harpies
  14 deep elf archers
  7 anaconda skeletons
  6 spriggan simulacra (IceCv)
  A golden dragon skeleton (Zig:6)
  A death drake (Abyss:5)
  2 obsidian statues
  A lindwurm (Vaults:2)
  6 naga ritualists
  6 phantasmal warriors
  A bog body (IceCv)
  A lindwurm (shapeshifter) (Vaults:2)
  A shadow dragon skeleton (Crypt:3)
  22 wizards
  8 necromancers
  6 orc sorcerers
  3 orb spiders
  A wolf spider (Zig:8)
  10 mana vipers
  4 oklob plants
  Pikel (D:7)
  26 deep elf zephyrmancers
  37 deep elf pyromancers
  9 manticores
  39 ugly things
  5 shining eyes
  31 moths of wrath
  A spectral ettin (Tar:3)
  12 fauns
  A worldbinder (Abyss:3)
  9 elephants
  14 salamanders
  7 cyclopes
  A fire giant skeleton (Crypt:2)
  An eye of devastation (Slime:5)
  2 guardian serpents (Snake:1)
  An apocalypse crab (Zig:9)
  7 rust devils
  2 stone giant skeletons
  7 water nymphs
  A torpor snail (Zig:8)
  A dire elephant zombie (Tomb:2)
  5 ice statues
  27 naga magi
  38 black mambas
  9 merfolk sirens
  A titan simulacrum (Zig:13)
  12 cane toads
  2 gargoyles
  A shock serpent skeleton (Crypt:2)
  27 vault sentinels
  22 smoke demons
  3 molten gargoyles
  11 hellions
  A rime drake (Lair:3)
  Maggie (D:6)
  A dire elephant skeleton (Crypt:3)
  5 unseen horrors
  15 orange demons (Pan)
  A catoblepas zombie (Crypt:3)
  A white draconian zombie (Crypt:1)
  A komodo dragon (shapeshifter) (Vaults:5)
  6 freezing wraiths
  A minotaur zombie (Crypt:2)
  16 komodo dragons
  A redback zombie (Crypt:2)
  22 yaktaurs
  A pale draconian zombie (Crypt:1)
  5 efreet
  A black draconian zombie (Crypt:3)
  17 tormentors
  12 anaconda simulacra
  62 guardian mummies
  12 demonic crawlers
  14 ice devils
  A golden dragon simulacrum (IceCv)
  A spectral naga (Tar:1)
  4 red devils
  5 tengu conjurers
  3 catoblepas skeletons (Abyss:5)
  3 entropy weaver simulacra (IceCv)
  27 merfolk
  5 meliai (Depths:2)
  A polar bear (Lair:6)
  15 hellwings (Pan)
  A merfolk (shapeshifter) (Depths:2)
  3 harpy zombies
  4 spectral harpies
  2 ancient zymes
  A jumping spider (shapeshifter) (D:13)
  A troll (shapeshifter) (D:15)
  2 tengu simulacra (Depths:2)
  8 hornets
  Prince Ribbit (D:8)
  6 trolls
  2 tyrant leeches (Zig:5)
  6 wind drakes
  A jumping spider zombie (Crypt:1)
  21 blink frogs
  A fire giant simulacrum (Depths:2)
  A raiju (shapeshifter) (Abyss:3)
  79 slime creatures
  2 ettin zombies
  Grinder (D:3)
  5 harpy skeletons
  A tarantella zombie (Crypt:3)
  An alligator zombie (Crypt:3)
  3 raiju
  13 snapping turtles
  11 starcursed masses
  13 dream sheep
  A guardian serpent skeleton (Crypt:1)
  6 spriggans
  An ettin skeleton (Crypt:3)
  20 large abominations
  19 flying skulls
  6 tarantellas
  5 redbacks
  2 spriggans (shapeshifter)
  2 air elementals
  An alligator snapping turtle simulacrum (Hell)
  60 yaks
  A shadow (Zig:9)
  2 basilisks (shapeshifter)
  6 wraiths
  4 wyverns
  12 ynoxinuls (Pan)
  2 dire elephant simulacra (IceCv)
  20 water elementals
  A black mamba skeleton (Crypt:3)
  13 ushabtiu
  11 chaos spawn
  5 fire elementals
  Grum (D:8)
  A tarantella (shapeshifter) (Depths:2)
  3 golden eyes (Pan)
  5 basilisks
  5 minotaur simulacra (IceCv)
  9 small abominations
  A steam dragon (D:7)
  17 neqoxecs (Pan)
  Menkaure (D:4)
  2 harpy simulacra
  7 vampire mosquitoes
  28 nagas
  3 wargs
  Edmund (D:4)
  5 swamp worms (Snake:1)
  9 water moccasins
  2 cane toad zombies
  A hydra simulacrum (IceCv)
  Duvessa (D:4)
  2 naga skeletons
  A two-headed ogre skeleton (Crypt:3)
  4 floating eyes
  A merfolk skeleton (Crypt:3)
  A sky beast (shapeshifter) (D:11)
  A swamp drake (Snake:1)
  3 ettin simulacra (IceCv)
  A black bear (shapeshifter) (D:13)
  2 black bears (Lair:6)
  3 manticore zombies (Shoals:4)
  3 necrophages
  36 orc warriors
  15 centaurs
  14 ogres
  A boggart (Vaults:3)
  A merfolk simulacrum (Hell)
  19 wolves
  2 phantoms
  5 kobold brigands
  A rime drake skeleton (Crypt:2)
  10 bullfrogs
  3 gnoll sergeants (D:9)
  10 deep troll simulacra (IceCv)
  A wyvern zombie (D:6)
  A scorpion (D:5)
  11 earth elementals
  Dowan (D:4)
  A water moccasin skeleton (D:4)
  25 wights
  A lindwurm simulacrum (IceCv)
  2 electric eels
  4 vampire bats
  A bullfrog zombie (D:5)
  6 centaur zombies
  A jelly (D:4)
  2 hounds
  15 orc priests
  A bullfrog skeleton (D:6)
  4 centaur skeletons
  Crazy Yiuf (D:4)
  A gnoll shaman (D:8)
  Ijyb (D:3)
  5 iguanas
  14 hell rats
  16 orc wizards
  A killer bee zombie (D:7)
  A demigod skeleton (Crypt:2)
  A deep dwarf skeleton (Crypt:3)
  A howler monkey zombie (D:5)
  43 mummies
  15 gnolls
  11 adders
  A swamp drake skeleton (Crypt:1)
  3 shadow imps
  2 white imps
  An ufetubus (D:7)
  A worm zombie (Crypt:1)
  An iguana zombie (Crypt:3)
  An adder skeleton (D:4)
  2 worms
  6 dart slugs
  A dart slug (shapeshifter) (Vaults:5)
  87 orcs
  7 ball pythons
  3 bat skeletons (D:13)
  2 bat zombies (D:13)
  3 endoplasms
  5 giant cockroaches
  15 goblins
  8 hobgoblins
  3 jackals (D:2)
  37 kobolds
  A quokka (D:1)
  14 bats
  3 frilled lizards
  A hobgoblin skeleton (Crypt:3)
  A hobgoblin zombie (Crypt:3)
  A jackal skeleton (Crypt:2)
  7 rats
  A river rat skeleton (Crypt:1)
  5 ball lightnings (Pan)
  A briar patch (Zig:2)
  A creeping inferno (Geh:2)
  30 fire vortices
  A lurking horror (Abyss:5)
3660 creatures vanquished.

Vanquished Creatures (others)
  A lich (Zig:14)
  A searing wretch (Geh:4)
  A draconian knight (Zot:3)
  A nagaraja (Zig:14)
  A ghost moth (Zig:8)
  A demonspawn corrupter (Pan)
  A demonspawn blood saint (Pan)
  A putrid mouth (Hell)
  A green death (Pan)
  A rakshasa (Pan)
  A stoker (Geh:4)
  A tengu warrior (Depths:1)
  A dancing weapon (Elf:3)
  A deep elf knight (Elf:3)
  A quicksilver dragon simulacrum (Hell)
  A deep elf archer (Zig:10)
  A wizard (Vaults:3)
  A harpy (Shoals:1)
  A water nymph (Shoals:4)
  A smoke demon (Pan)
  A demonic crawler (Pan)
  A hellwing (Pan)
  A ynoxinul (Pan)
  A golden eye (shapeshifter) (Vaults:5)
  A mummy (Tomb:2)
  6 ball lightnings (Pan)
  4 creeping infernos
  A demonic plant (Abyss:3)
  A fire vortex (Geh:2)
  34 fungi
  158 plants
  5 starspawn tentacles (Zig:9)
  2 withered plants (Shoals:3)
236 creatures vanquished.

Grand Total: 3896 creatures vanquished

Notes
Turn   | Place    | Note
-------+----------+-------------------------------------------
     0 | D:1      | frimble the Demonspawn Warper began the quest for the Orb.
     0 | D:1      | Reached XP level 1. HP: 16/16 MP: 3/3
   409 | D:1      | Gained mutation: You are partially covered in molten
                  | scales. (AC +2) [demonic ancestry]
   409 | D:1      | Reached XP level 2. HP: 21/22 MP: 5/5
   819 | D:1      | Reached XP level 3. HP: 27/27 MP: 6/6
  1565 | D:2      | Reached XP level 4. HP: 33/33 MP: 7/7
  1593 | D:2      | Found a faded altar of an unknown god.
  1782 | D:2      | Reached skill level 1 in Short Blades
  2518 | D:3      | Found Zicw's Assorted Antiques.
  2531 | D:3      | Bought a scroll labelled TOUPIA QIUX for 30 gold pieces
  2531 | D:3      | Identified a scroll of acquirement
  2531 | D:3      | Acquired the +7 pair of quick blades "Gyre" and "Gimble"
                  | {protect}
  2531 | D:3      | Found the +7 pair of quick blades "Gyre" and "Gimble"
                  | {protect}
  2687 | D:3      | Noticed Grinder
  2690 | D:3      | Paralysed by Grinder for 6 turns
  2705 | D:3      | Killed Grinder
  2706 | D:3      | Gained mutation: You are mostly covered in molten scales.
                  | (AC +3) [demonic ancestry]
  2706 | D:3      | Reached XP level 5. HP: 21/38 MP: 8/8
  2706 | D:3      | Gained mutation: You have sharp fingernails. [demonic
                  | ancestry]
  2706 | D:3      | Reached XP level 6. HP: 24/44 MP: 9/9
  2889 | D:3      | Noticed Ijyb
  2901 | D:3      | Killed Ijyb
  3496 | D:4      | Noticed Menkaure
  3500 | D:4      | Killed Menkaure
  3501 | D:4      | Reached skill level 5 in Short Blades
  3810 | D:4      | Gained mutation: You have very sharp fingernails. [demonic
                  | ancestry]
  3810 | D:4      | Reached XP level 7. HP: 50/50 MP: 10/10
  4182 | D:4      | Noticed Edmund
  4201 | D:4      | Killed Edmund
  4321 | D:4      | Found a runed translucent door.
  4322 | D:4      | Noticed Crazy Yiuf
  4504 | D:4      | Noticed Dowan
  4505 | D:4      | Noticed Duvessa
  4508 | D:4      | Killed Dowan
  4509 | D:4      | Gained mutation: Spells you cast may paralyse adjacent
                  | enemies. [demonic ancestry]
  4509 | D:4      | Reached XP level 8. HP: 56/56 MP: 11/11
  4517 | D:4      | Killed Duvessa
  4518 | D:4      | Reached skill level 1 in Stealth
  4518 | D:4      | Reached skill level 1 in Evocations
  5064 | D:4      | Killed Crazy Yiuf
  5103 | D:5      | Entered Level 5 of the Dungeon
  5902 | D:6      | Noticed Maggie
  5934 | D:6      | Got An Introduction to Casting
  5945 | D:6      | Learned a level 2 spell: Blink
  6137 | D:6      | Killed Maggie
  6138 | D:6      | Reached XP level 9. HP: 59/66 MP: 12/12
  6337 | D:6      | Reached skill level 5 in Fighting
  6370 | D:6      | Found a staircase to the Ecumenical Temple.
  6502 | D:7      | Noticed Pikel
  6522 | D:7      | Killed Pikel
  6523 | D:7      | Reached skill level 5 in Stealth
  6523 | D:7      | Reached skill level 5 in Evocations
  7375 | D:8      | Noticed a two-headed ogre
  7389 | D:8      | Killed a two-headed ogre
  7390 | D:8      | Reached XP level 10. HP: 55/77 MP: 13/13
  7762 | D:8      | Noticed Grum
  7790 | D:8      | Killed Grum
  8019 | D:8      | Noticed Prince Ribbit
  8027 | D:8      | Killed Prince Ribbit
  8113 | D:8      | Found an opulent altar of Gozag.
  8366 | D:9      | Noticed a two-headed ogre
  8380 | D:9      | Killed a two-headed ogre
  8644 | D:9      | Found a staircase to the Orcish Mines.
  8659 | D:9      | Reached XP level 11. HP: 87/87 MP: 14/14
  9066 | D:10     | Entered Level 10 of the Dungeon
  9317 | D:10     | Found a staircase to the Lair.
 10209 | Temple   | Entered the Ecumenical Temple
 10242 | Temple   | Became a worshipper of Cheibriados the Contemplative
 10357 | Lair:1   | Entered Level 1 of the Lair of Beasts
 10386 | Lair:1   | Found a runed translucent door.
 10386 | Lair:1   | Noticed a boulder beetle
 10386 | Lair:1   | Noticed lonewolfV2's ghost (novice DDFi)
 10418 | Lair:1   | Reached skill level 1 in Invocations
 10464 | Lair:1   | Noticed an oklob plant
 10464 | Lair:1   | Noticed an oklob plant
 10464 | Lair:1   | Noticed an oklob plant
 10744 | Lair:1   | Reached * piety under Cheibriados
 10840 | Lair:1   | Reached skill level 5 in Translocations
 11214 | Lair:1   | Learned a level 1 spell: Apportation
 11218 | Lair:1   | Learned a level 3 spell: Teleport Other
 11366 | Lair:2   | Noticed an oklob plant
 11374 | Lair:2   | Reached skill level 5 in Dodging
 11423 | Lair:2   | Reached skill level 10 in Fighting
 11577 | Lair:2   | Found a staircase to the Shoals.
 11687 | Lair:2   | Reached skill level 5 in Invocations
 11687 | Lair:2   | Gained mutation: Spells you cast may paralyse nearby
                  | enemies. [demonic ancestry]
 11687 | Lair:2   | Reached XP level 12. HP: 83/97 MP: 15/15
 11695 | Lair:2   | Found a staircase to the Snake Pit.
 11714 | Lair:2   | Reached ** piety under Cheibriados
 13160 | Lair:3   | Reached *** piety under Cheibriados
 13501 | Lair:3   | Identified the +3 leather armour of Luvoalleo {rPois}
 13990 | Lair:4   | Reached **** piety under Cheibriados
 14857 | Lair:5   | Gained mutation: You have claws for hands. [demonic
                  | ancestry]
 14857 | Lair:5   | Reached XP level 13. HP: 106/106 MP: 19/19
 15850 | Lair:6   | Entered Level 6 of the Lair of Beasts
 15882 | Lair:6   | Reached skill level 10 in Invocations
 15908 | Lair:6   | Reached ***** piety under Cheibriados
 16956 | Lair:6   | Noticed Snorg
 16969 | Lair:6   | Killed Snorg
 17498 | Lair:6   | Gained mutation: Spells you cast and wands you use may
                  | paralyse nearby enemies. [demonic ancestry]
 17498 | Lair:6   | Reached XP level 14. HP: 118/118 MP: 23/23
 17537 | Lair:6   | Found a viscous altar of Jiyva.
 17537 | Lair:6   | Found a staircase to the Slime Pits.
 18374 | Lair:5   | Identified the +1 scale mail of Ytesoif {rC+ Dex+4}
 18661 | D:11     | Found Ganittu's Assorted Antiques.
 18735 | D:11     | Found a flagged portal.
 18747 | Bailey   | Entered a bailey
 19438 | D:11     | Reached skill level 10 in Dodging
 19473 | D:11     | Identified the +7 dagger "Naicsek" {vorpal, Drain Fly rF-
                  | Str+9}
 19609 | D:11     | Reached ****** piety under Cheibriados
 19844 | D:12     | Found a runed translucent gate.
 20293 | D:12     | Found a runed translucent gate.
 20294 | D:12     | Noticed ytrimaz's ghost (journeyman OpTm)
 20294 | D:12     | Found a runed translucent gate.
 20389 | D:12     | Killed ytrimaz's ghost
 20506 | D:13     | Found an ancient bone altar of Kikubaaqudgha.
 20837 | D:13     | Reached skill level 1 in Throwing
 21137 | D:13     | Found the +3 warlock's mirror {reflect}
 21303 | D:12     | Identified the +0 hat "Jonk" {*Slow rF++ Int+3}
 21755 | D:13     | Found a gate to the Vaults.
 21963 | D:14     | Found Tutuz's Antique Armour Shop.
 21973 | D:14     | Bought a pair of pitted boots for 180 gold pieces
 21973 | D:14     | Identified the +0 pair of boots of the Sacrificial Victim
                  | {Harm MP+9} (You bought it in a shop on level 14 of the
                  | Dungeon)
 22132 | D:14     | Found a portal to a secret trove of treasure.
 22173 | D:14     | Found a burning altar of Makhleb.
 22419 | D:14     | Reached skill level 5 in Spellcasting
 22452 | D:14     | Found Qeirall's Self-Improvement Boutique.
 22788 | D:15     | Entered Level 15 of the Dungeon
 22882 | D:15     | Reached XP level 15. HP: 79/126 MP: 24/26
 23027 | D:15     | Found a frozen archway.
 23040 | D:15     | Reached skill level 15 in Invocations
 23044 | IceCv    | Entered an ice cave
 23108 | IceCv    | Reached skill level 5 in Throwing
 23995 | IceCv    | Identified the +0 pair of gloves of Rexiungu {Contam rPois
                  | rN++ rCorr}
 24358 | D:15     | Found a staircase to the Depths.
 24440 | D:15     | Found Wuceoted's Magic Scroll Boutique.
 24448 | D:15     | Bought a scroll of immolation for 42 gold pieces
 24872 | D:15     | Acquired 843 gold pieces
 24994 | Orc:1    | Entered Level 1 of the Orcish Mines
 25288 | Orc:2    | Entered Level 2 of the Orcish Mines
 25328 | Orc:2    | Found a staircase to the Elven Halls.
 25465 | Orc:2    | Noticed Donald
 25673 | Orc:2    | Killed Donald
 26071 | Orc:2    | Found Sollidoa's Antique Armour Emporium.
 26071 | Orc:2    | Found Ceerigetz's Antique Armour Shop.
 26071 | Orc:2    | Found Binevit's Armour Emporium.
 26071 | Orc:2    | Found Voed's Weapon Shop.
 26213 | Orc:2    | Found a runed translucent gate.
 26214 | Orc:2    | Found a runed translucent gate.
 26215 | Orc:2    | Found a runed translucent gate.
 26242 | Orc:2    | Noticed sirJeffrey23's ghost (journeyman TrMo)
 26420 | Orc:2    | Found an iron altar of Okawaru.
 26435 | Orc:2    | Killed sirJeffrey23's ghost
 26438 | Orc:2    | Gained mutation: You are partially covered in sharp spines.
                  | [demonic ancestry]
 26438 | Orc:2    | Reached XP level 16. HP: 111/133 MP: 15/28
 26558 | Elf:1    | Entered Level 1 of the Elven Halls
 26803 | Elf:1    | Noticed Louise
 26975 | D:11     | Bought an amethyst-encrusted crystal plate armour for 2805
                  | gold pieces
 26975 | D:11     | Identified the +7 crystal plate armour "Saet Ivi" {Str+4
                  | Int+7} (You bought it in a shop on level 11 of the Dungeon)
 27493 | Elf:1    | Identified Roxanne's Disquisition on Transmigration
 27493 | Elf:1    | Noticed Roxanne
 27527 | Elf:1    | Killed Roxanne
 27528 | Elf:1    | Reached skill level 10 in Spellcasting
 27536 | Elf:1    | Learned a level 4 spell: Passage of Golubria
 27543 | Elf:1    | Learned a level 6 spell: Statue Form
 27660 | Elf:1    | Killed Louise
 27773 | Elf:1    | Reached skill level 1 in Transmutations
 27773 | Elf:1    | Reached skill level 1 in Earth Magic
 28692 | Elf:2    | Found a runed translucent gate.
 28692 | Elf:2    | Found a runed translucent gate.
 28692 | Elf:2    | Found a runed translucent gate.
 28898 | Elf:3    | Entered Level 3 of the Elven Halls
 29171 | Elf:3    | Reached skill level 5 in Transmutations
 29171 | Elf:3    | Reached skill level 5 in Earth Magic
 29656 | Elf:3    | Noticed a deep elf blademaster
 29707 | Elf:3    | Identified the +11 scimitar "Killer Bee's Doom" {vorpal,
                  | rElec}
 29707 | Elf:3    | Identified the ring "Utoutz" {Will+ Str+6}
 29738 | Elf:3    | Gained mutation: You are robust. (+10% HP) [demonic
                  | ancestry]
 29738 | Elf:3    | Reached XP level 17. HP: 101/152 MP: 29/31
 29789 | Elf:3    | Cast into level 3 of the Abyss (a deep elf sorcerer)
 29790 | Abyss:3  | Noticed a tentacled monstrosity
 29810 | Abyss:3  | Killed a tentacled monstrosity
 29849 | Abyss:3  | Got the Grimoire of Virous Transmutation
 29950 | Abyss:4  | Found a corrupted altar of Lugonu.
 29980 | Abyss:5  | Entered Level 5 of the Abyss
 30252 | Abyss:5  | Got an abyssal rune of Zot
 30267 | Elf:3    | Escaped the Abyss
 30357 | Elf:3    | Identified the +11 broad axe of Conscience {venom, rPois}
 30438 | Elf:3    | Identified the +7 shortbow of Slow Death {venom, Will+}
 30439 | Elf:3    | Identified the amulet "Douxt" {Spirit rN+ Will+ Str-3
                  | Int+3}
 30464 | Elf:3    | Killed a deep elf blademaster
 30648 | Elf:3    | Got the Reference Book on the Entourage and the Snowflakes
 31224 | Vaults:1 | Entered Level 1 of the Vaults
 32033 | Vaults:1 | Found Loskot's Antique Armour Shoppe.
 32246 | Vaults:1 | Reached XP level 18. HP: 148/161 MP: 32/32
 32521 | Vaults:2 | Reached skill level 10 in Transmutations
 32524 | Vaults:2 | Reached skill level 10 in Earth Magic
 32637 | Vaults:2 | Reached skill level 15 in Fighting
 32792 | Vaults:2 | Found a staircase to the Crypt.
 33629 | Vaults:2 | Noticed Aizul
 33662 | Vaults:2 | Killed Aizul
 34713 | Vaults:3 | Gained mutation: You are mostly covered in sharp spines.
                  | [demonic ancestry]
 34713 | Vaults:3 | Reached XP level 19. HP: 166/174 MP: 27/33
 36253 | Vaults:4 | Found a runed translucent gate.
 36253 | Vaults:4 | Found a runed translucent gate.
 36253 | Vaults:4 | Found a runed translucent gate.
 36254 | Vaults:4 | Noticed leviel's ghost (adept HOFi)
 37363 | D:14     | You paid a toll of +4 ice dragon scales to enter a treasure
                  | trove
 37364 | Trove    | Entered a treasure trove
 37371 | Trove    | Identified the +1 helmet of Responsibility {Str+4}
 37378 | Trove    | Identified the +0 pair of boots "Ocau" {rF+ Regen+}
 37401 | Trove    | Identified the amulet of Jufyd Hya {RegenMP rF+}
 37485 | D:14     | Bought a manual of Invocations for 1040 gold pieces
 37485 | D:14     | Bought a manual of Stealth for 1040 gold pieces
 37494 | D:14     | Learned a level 8 spell: Necromutation
 37616 | Lair:1   | Killed lonewolfV2's ghost
 37800 | Snake:1  | Entered Level 1 of the Snake Pit
 38113 | Snake:1  | Identified the +11 broad axe "Gubuh" {flame, rN+ Stlth+}
 39265 | Snake:2  | Reached skill level 1 in Necromancy
 39393 | Snake:2  | Reached XP level 20. HP: 188/188 MP: 34/34
 39438 | Snake:2  | Reached skill level 10 in Stealth
 40196 | Snake:3  | Reached skill level 5 in Necromancy
 40815 | Snake:4  | Entered Level 4 of the Snake Pit
 41065 | Snake:4  | Found Qooruam's Book Shop.
 41065 | Snake:4  | Found Dyeqeuz's Jewellery Shoppe.
 41066 | Snake:4  | Found Butoah's Jewellery Shoppe.
 41533 | Snake:4  | HP: 5/244 [naga sharpshooter/arrow (11)]
 41960 | Snake:4  | Got a serpentine rune of Zot
 42173 | Shoals:1 | Entered Level 1 of the Shoals
 42286 | Shoals:1 | Noticed Frances
 42320 | Shoals:1 | Killed Frances
 43341 | Shoals:2 | Noticed Polyphemus
 43349 | Shoals:2 | Reached skill level 10 in Necromancy
 43361 | Shoals:2 | Killed Polyphemus
 43668 | Shoals:3 | Gained mutation: You are completely covered in molten
                  | scales. (AC +4, rF+) [demonic ancestry]
 43668 | Shoals:3 | Reached XP level 21. HP: 117/194 MP: 15/35
 44173 | Shoals:3 | Found a runed translucent door.
 44176 | Shoals:3 | Noticed Wuxomergh's ghost (adept DrCj)
 44187 | Shoals:3 | Killed Wuxomergh's ghost
 44523 | Shoals:4 | Entered Level 4 of the Shoals
 45165 | Shoals:4 | Got a barnacled rune of Zot
 45417 | Shoals:4 | Identified the amulet of Raorenen {RegenMP rPois rF- Dex+4
                  | Stlth+}
 45508 | Shoals:4 | Identified the +0 plate armour "Gagiese" {rF+}
 45671 | Slime:1  | Entered Level 1 of the Pits of Slime
 45671 | Slime:1  | You fall into a shaft and drop 1 floor!
 46061 | Slime:4  | Reached skill level 15 in Necromancy
 46152 | Slime:4  | Noticed Dissolution
 46355 | Slime:4  | Killed Dissolution
 46374 | Slime:5  | Entered Level 5 of the Pits of Slime
 46733 | Slime:5  | Found a viscous altar of Jiyva.
 46733 | Slime:5  | Noticed the Royal Jelly
 46745 | Slime:5  | Found the +8 whip "Snakebite" {venom, curare, rPois}
 46840 | Slime:5  | Found the +7 Kryia's mail coat {PotionHeal*2 rC+}
 46938 | Slime:5  | Killed the Royal Jelly
 47002 | Slime:5  | Identified the +8 halberd of Kiwo {flame, rN+ Will- Str+6}
 47005 | Slime:5  | Identified the ring "Iroad" {rPois rF+ rN+ Dex+3}
 47037 | Slime:5  | Learned a level 2 spell: Passwall
 47083 | Slime:5  | Acquired 1071 gold pieces
 47092 | Slime:5  | Identified the +8 hunting sling of the Sky {venom, rPois
                  | rC+ Will-}
 47103 | Slime:5  | Identified the ring "Vecsel" {Wiz *Slow Str+3 Slay+4}
 47124 | Slime:5  | Got a slimy rune of Zot
 47765 | Depths:1 | Entered Level 1 of the Depths
 47783 | Depths:1 | Reached XP level 22. HP: 202/202 MP: 30/36
 47850 | Depths:1 | Found Reoll's Magic Scroll Emporium.
 47856 | Depths:1 | Bought a scroll of teleportation for 57 gold pieces
 48109 | Depths:1 | Noticed the Enchantress
 48135 | Depths:1 | Killed the Enchantress
 48208 | Depths:1 | Noticed Nikola
 48234 | Depths:1 | Killed Nikola
 48422 | Depths:1 | Found a gateway to Hell.
 48569 | Depths:1 | Found a stormy altar of Qazlal.
 48725 | Depths:1 | Found Naofov's Antique Weapon Boutique.
 48725 | Depths:1 | Found Qeysaa's Jewellery Shop.
 48726 | Depths:1 | Found Celeygry's Magic Scroll Shop.
 48730 | Depths:1 | Bought a scroll of blinking for 142 gold pieces
 48730 | Depths:1 | Bought a scroll of blinking for 142 gold pieces
 48730 | Depths:1 | Bought a scroll of teleportation for 57 gold pieces
 48730 | Depths:1 | Bought a scroll of enchant armour for 142 gold pieces
 48732 | Depths:1 | Found Xubreog's Weapon Boutique.
 49447 | Depths:2 | Noticed a juggernaut
 49454 | Depths:2 | Reached skill level 15 in Transmutations
 49471 | Depths:2 | Killed a juggernaut
 49682 | Depths:2 | Noticed a golden dragon
 49703 | Depths:2 | Killed a golden dragon
 49735 | Depths:2 | Paralysed by a floating eye for 2 turns
 49946 | Depths:2 | Found a one-way gate leading to the halls of Pandemonium.
 49980 | Depths:2 | Noticed a golden dragon
 50000 | Depths:2 | Killed a golden dragon
 50126 | Depths:2 | Found a one-way gateway to a ziggurat.
 50196 | Depths:2 | Identified the ring "Xyir" {rPois Int+2 Dex-3 SInv}
 50222 | Depths:2 | Identified the amulet of Gyoc {Spirit Int+4}
 51153 | Depths:3 | Gained mutation: You are very robust. (+20% HP) [demonic
                  | ancestry]
 51153 | Depths:3 | Reached XP level 23. HP: 209/236 MP: 39/39
 51184 | Depths:3 | Noticed Boris
 51186 | Depths:3 | Noticed a caustic shrike
 51191 | Depths:3 | Killed a caustic shrike
 51191 | Depths:3 | Killed Boris
 51689 | Depths:3 | Paralysed by a floating eye for 3 turns
 51835 | Depths:3 | Identified the +1 robe of Hysteria {Dex+3}
 51948 | Depths:3 | Acquired a book of Debilitation
 51952 | Depths:3 | Found a sparkling altar of Nemelex Xobeh.
 51998 | Depths:3 | Identified the +0 robe of Laog Ame {Contam Dex+3 Archmagi}
 52251 | Depths:3 | Found a one-way gate to the infinite horrors of the Abyss.
 52348 | Depths:4 | Entered Level 4 of the Depths
 52775 | Depths:4 | Found Gorghoic's General Store.
 52777 | Depths:4 | Found Opabau's Magic Scroll Shop.
 52780 | Depths:4 | Found Samotago's Book Boutique.
 52782 | Depths:4 | Noticed Frederick
 52793 | Depths:4 | Killed Frederick
 52801 | Depths:4 | Bought a scroll of blinking for 127 gold pieces
 52801 | Depths:4 | Bought a scroll of blinking for 127 gold pieces
 52933 | Depths:4 | Found a gate to the Realm of Zot.
 53758 | Depths:4 | Found Ussifr Pearph's Weapon Shoppe.
 53774 | Depths:4 | Noticed a juggernaut
 53789 | Depths:4 | Killed a juggernaut
 53934 | Zig:1    | Entered Level 1 of a ziggurat
 53944 | Zig:2    | Entered Level 2 of a ziggurat
 53975 | Zig:3    | Entered Level 3 of a ziggurat
 53977 | Zig:3    | Paralysed by an air elemental for 1 turns
 53996 | Zig:3    | Reached skill level 10 in Throwing
 53996 | Zig:3    | Reached XP level 24. HP: 252/252 MP: 40/40
 54001 | Zig:3    | Got the Papyrus of Fire and Transformation
 54009 | Zig:4    | Entered Level 4 of a ziggurat
 54058 | Zig:4    | Identified the +5 broad axe of Gallantry {vorpal, rC+ Str+8
                  | Int-3}
 54063 | Zig:5    | Entered Level 5 of a ziggurat
 54085 | Zig:5    | Reached XP level 25. HP: 259/259 MP: 41/41
 54102 | Zig:6    | Entered Level 6 of a ziggurat
 54182 | Zig:7    | Entered Level 7 of a ziggurat
 54283 | Zig:8    | Entered Level 8 of a ziggurat
 54467 | Zig:8    | Identified the +6 arbalest of the Globe {vorpal, rElec
                  | Stlth+}
 54471 | Zig:8    | Got the Reference Book on Aerial Poisoning
 54480 | Zig:9    | Entered Level 9 of a ziggurat
 54503 | Zig:9    | Paralysed by accursed screaming for 2 turns
 54584 | Zig:9    | Got the Grimoire of the Freezing Traveller
 54599 | Zig:10   | Entered Level 10 of a ziggurat
 54693 | Zig:10   | Identified the ring "Beeskyrr" {rN+ Str+6 Slay+4}
 54709 | Zig:10   | Identified the +4 great mace "Tyepn" {freeze, rElec Int+4
                  | SInv}
 54715 | Zig:11   | Entered Level 11 of a ziggurat
 54773 | Zig:11   | Identified the ring "Eshrapunn" {rC+ rN++ Int-4}
 54778 | Zig:11   | Identified the amulet of Zuelarutu {Spirit SInv}
 54820 | Zig:12   | Entered Level 12 of a ziggurat
 54941 | Zig:12   | Gained mutation: You are completely covered in sharp
                  | spines. [demonic ancestry]
 54941 | Zig:12   | Reached XP level 26. HP: 268/268 MP: 41/41
 54949 | Zig:12   | Gained mutation: You are extremely robust. (+30% HP)
                  | [demonic ancestry]
 54949 | Zig:12   | Reached XP level 27. HP: 268/300 MP: 41/41
 54959 | Zig:13   | Entered Level 13 of a ziggurat
 54978 | Zig:13   | Reached skill level 15 in Spellcasting
 54985 | Zig:13   | Found the ring of the Octopus King
 55073 | Zig:13   | Identified the ring of Amorality {rF+ rN+ Int-2 Dex+9}
 55076 | Zig:13   | Identified a ring of the Octopus King {rF+ AC+1 EV+1 Str+1
                  | Int+1 Dex+1}
 55080 | Zig:13   | Identified the +1 plate armour of Serendipity {Dex+7}
 55098 | Zig:14   | Entered Level 14 of a ziggurat
 55111 | Zig:14   | Found the +2 hood of the Assassin {Detection Stab+ Stlth++}
 55244 | Zig:14   | Identified the +4 dagger "Roowae" {flame, Will+ Dex+3}
 55247 | Zig:14   | Identified the amulet of Teklutiu {Spirit rPois}
 55256 | Zig:15   | Entered Level 15 of a ziggurat
 55297 | Zig:15   | Noticed an ancient lich
 55324 | Zig:15   | Killed an ancient lich
 55465 | Zig:15   | Got the Almanac of Virous Malediction
 55475 | Zig:15   | Identified the +5 mace "Aleisyime" {holy, Int+4}
 55478 | Zig:15   | Identified the ring "Koafosiuti" {rC+ Will+++ EV+4 Dex+4
                  | Slay+2}
 55594 | Zot:1    | Entered Level 1 of the Realm of Zot
 56678 | Zot:2    | Found the ring of the Hare {EV+8}
 56692 | Zot:2    | Reached skill level 15 in Throwing
 56865 | Zot:2    | Found the +4 dragonskin cloak
 56865 | Zot:2    | Noticed Tiamat
 56892 | Zot:2    | Reached skill level 10 in Evocations
 57206 | Zot:2    | Killed Tiamat
 57207 | Zot:2    | Reached skill level 15 in Stealth
 58102 | Zot:3    | Found a transporter.
 58354 | Zot:3    | Found the +0 mask of the Dragon {Will+ Slay+3 SInv}
 58357 | Zot:3    | Found a transporter.
 58370 | Zot:3    | Identified the amulet of Jupewk {Spirit rPois rF++ Will+}
 59715 | Zot:4    | Learned a level 9 spell: Polar Vortex
 60063 | Crypt:1  | Entered Level 1 of the Crypt
 60289 | Crypt:1  | Noticed Khufu
 60289 | Crypt:1  | Noticed a royal mummy
 60290 | Crypt:1  | Noticed a royal mummy
 60306 | Crypt:1  | Killed a royal mummy
 60307 | Crypt:1  | Reached skill level 1 in Ice Magic
 60323 | Crypt:1  | Killed Khufu
 60340 | Crypt:1  | Killed a royal mummy
 61563 | Crypt:3  | Entered Level 3 of the Crypt
 61663 | Crypt:3  | Reached skill level 5 in Ice Magic
 61747 | Crypt:3  | Noticed Saint Roka
 61766 | Crypt:3  | Killed Saint Roka
 62443 | Crypt:3  | Found a staircase to the Tomb.
 62610 | Crypt:3  | Noticed Xtahua
 62624 | Crypt:3  | Identified the +7 flail of a treasure trove {drain, Stlth+}
 62631 | Crypt:3  | Killed Xtahua
 62776 | Crypt:3  | Noticed Jory
 62806 | Crypt:3  | Killed Jory
 62839 | Crypt:3  | Noticed a dread lich
 62845 | Crypt:3  | Killed a dread lich
 63210 | Tomb:1   | Entered Level 1 of the Tomb of the Ancients
 63596 | Tomb:1   | Noticed a royal mummy
 63597 | Tomb:1   | Noticed a royal mummy
 63624 | Tomb:1   | Killed a royal mummy
 63642 | Tomb:1   | Killed a royal mummy
 63769 | Tomb:1   | Reached skill level 10 in Ice Magic
 64160 | Tomb:2   | Noticed a royal mummy
 64164 | Tomb:2   | Noticed a royal mummy
 64187 | Tomb:2   | Noticed a royal mummy
 64193 | Tomb:2   | Noticed a royal mummy
 64195 | Tomb:2   | Killed a royal mummy
 64196 | Tomb:2   | Killed a royal mummy
 64204 | Tomb:2   | Killed a royal mummy
 64214 | Tomb:2   | Killed a royal mummy
 64652 | Tomb:1   | Noticed a royal mummy
 64652 | Tomb:1   | Noticed a royal mummy
 64671 | Tomb:1   | Killed a royal mummy
 64676 | Tomb:1   | Noticed a royal mummy
 64684 | Tomb:1   | Noticed a royal mummy
 64716 | Tomb:1   | Killed a royal mummy
 64726 | Tomb:1   | Killed a royal mummy
 64730 | Tomb:1   | Killed a royal mummy
 64836 | Tomb:1   | Noticed a royal mummy
 64836 | Tomb:1   | Noticed a royal mummy
 64865 | Tomb:1   | Killed a royal mummy
 64881 | Tomb:1   | Killed a royal mummy
 64977 | Tomb:1   | Noticed a royal mummy
 64995 | Tomb:1   | Noticed a royal mummy
 64999 | Tomb:1   | Killed a royal mummy
 65004 | Tomb:1   | Noticed a royal mummy
 65016 | Tomb:1   | Noticed a royal mummy
 65020 | Tomb:1   | Noticed a royal mummy
 65021 | Tomb:1   | Noticed a royal mummy
 65022 | Tomb:1   | Noticed a royal mummy
 65026 | Tomb:1   | Killed a royal mummy
 65039 | Tomb:1   | Killed a royal mummy
 65040 | Tomb:1   | Killed a royal mummy
 65041 | Tomb:1   | Noticed a royal mummy
 65042 | Tomb:1   | Noticed a royal mummy
 65048 | Tomb:1   | Killed a royal mummy
 65064 | Tomb:1   | Killed a royal mummy
 65067 | Tomb:1   | Killed a royal mummy
 65070 | Tomb:1   | Killed a royal mummy
 65074 | Tomb:1   | Killed a royal mummy
 65176 | Tomb:2   | Reached skill level 15 in Ice Magic
 65335 | Tomb:3   | Entered Level 3 of the Tomb of the Ancients
 65345 | Tomb:3   | Noticed a royal mummy
 65345 | Tomb:3   | Noticed a royal mummy
 65389 | Tomb:3   | Killed a royal mummy
 65395 | Tomb:3   | Killed a royal mummy
 65397 | Tomb:3   | Noticed a royal mummy
 65408 | Tomb:3   | Noticed Boris
 65409 | Tomb:3   | Noticed a royal mummy
 65431 | Tomb:3   | Noticed a royal mummy
 65448 | Tomb:2   | Killed Boris
 65555 | Tomb:3   | Noticed a royal mummy
 65561 | Tomb:3   | Killed a royal mummy
 65568 | Tomb:3   | Found the +6 Majin-Bo {vamp, MP+6 Int+6}
 65598 | Tomb:3   | Identified the ring "Mirex" {Fly rElec rN+++ Will- Dex+6}
 65622 | Tomb:3   | Identified the ring "Fecuh" {*Corrode rPois Will+ EV+4
                  | Str+4}
 65642 | Tomb:3   | Identified the +2 dagger "Cyruoqel" {vorpal, Int+2}
 65665 | Tomb:3   | Killed a royal mummy
 65669 | Tomb:3   | Identified the +8 war axe of Wu Jian's Outrage {vorpal,
                  | Will+ Int+3}
 65698 | Tomb:3   | Noticed a royal mummy
 65730 | Tomb:3   | Noticed a royal mummy
 65747 | Tomb:3   | Got a golden rune of Zot
 65757 | Tomb:3   | Noticed a royal mummy
 65764 | Tomb:3   | Killed a royal mummy
 65778 | Tomb:3   | Killed a royal mummy
 65782 | Tomb:3   | Killed a royal mummy
 65785 | Tomb:3   | Killed a royal mummy
 65799 | Tomb:3   | Killed a royal mummy
 66168 | Tomb:3   | Identified the ring "Usag" {rF+ rN+ MP+9 Int+6}
 66644 | Vaults:4 | Killed leviel's ghost
 66739 | Vaults:5 | Entered Level 5 of the Vaults
 66753 | Vaults:5 | Noticed Bai Suzhen
 66755 | Vaults:5 | Noticed a dread lich
 66755 | Vaults:5 | Noticed a dread lich
 66757 | Vaults:5 | Identified the ring of Ruwny {rElec rCorr Str-3 Int+6 SInv}
 66974 | Vaults:5 | Killed Bai Suzhen
 66984 | Vaults:5 | Identified the ring of Curaef {Will+ MP+9}
 67150 | Vaults:5 | Killed a dread lich
 67175 | Vaults:5 | Identified the ring "Qalirekh" {+Blink Will+ MP+9 Int-4
                  | SInv}
 67581 | Vaults:5 | Identified the +7 scale mail of Kesueriss {rElec rF+ rN+}
 67754 | Vaults:5 | Found Luahomeo's Jewellery Boutique.
 67861 | Vaults:5 | Found Xuqogrei's Antique Armour Shop.
 68270 | Vaults:5 | Noticed Sojobo
 68290 | Vaults:5 | Killed Sojobo
 68411 | Vaults:5 | Killed a dread lich
 68952 | Vaults:5 | Got a silver rune of Zot
 69466 | Zot:5    | Entered Level 5 of the Realm of Zot
 69522 | Zot:5    | Found Enaif's Changing Room.
 69533 | Zot:5    | Bought a potion of mutation for 192 gold pieces
 69533 | Zot:5    | Bought a potion of mutation for 192 gold pieces
 69533 | Zot:5    | Bought a potion of mutation for 192 gold pieces
 69533 | Zot:5    | Gained mutation: Your flesh is heat resistant. (rF+)
                  | [potion of mutation]
 69533 | Zot:5    | Gained mutation: You expend magic power (3 MP) to
                  | strengthen your wands. [potion of mutation]
 69534 | Zot:5    | Lost mutation: You expend magic power (3 MP) to strengthen
                  | your wands. [potion of mutation]
 69534 | Zot:5    | Lost mutation: Your flesh is heat resistant. (rF+) [potion
                  | of mutation]
 69534 | Zot:5    | Gained mutation: You are somewhat resistant to further
                  | mutation. [potion of mutation]
 69535 | Zot:5    | Lost mutation: You are somewhat resistant to further
                  | mutation. [potion of mutation]
 69535 | Zot:5    | Gained mutation: You are dopey. (Int -2) [potion of
                  | mutation]
 69536 | Zot:5    | Lost mutation: You are dopey. (Int -2) [potion of mutation]
 69536 | Zot:5    | Gained mutation: Your system is resistant to poisons.
                  | (rPois) [potion of mutation]
 69536 | Zot:5    | Gained mutation: You are dopey. (Int -2) [potion of
                  | mutation]
 69536 | Zot:5    | Gained mutation: You are resistant to electric shocks.
                  | (rElec) [potion of mutation]
 69537 | Zot:5    | Lost mutation: You are resistant to electric shocks.
                  | (rElec) [potion of mutation]
 69537 | Zot:5    | Lost mutation: Your system is resistant to poisons. (rPois)
                  | [potion of mutation]
 69537 | Zot:5    | Gained mutation: You expend magic power (3 MP) to
                  | strengthen your wands. [potion of mutation]
 69537 | Zot:5    | Gained mutation: You have sharp toenails. [potion of
                  | mutation]
 69538 | Zot:5    | Lost mutation: You are dopey. (Int -2) [potion of mutation]
 69538 | Zot:5    | Lost mutation: You have sharp toenails. [potion of
                  | mutation]
 69538 | Zot:5    | Gained mutation: Your muscles are strong. (Str +2) [potion
                  | of mutation]
 69539 | Zot:5    | Lost mutation: Your muscles are strong. (Str +2) [potion of
                  | mutation]
 69539 | Zot:5    | Lost mutation: You expend magic power (3 MP) to strengthen
                  | your wands. [potion of mutation]
 69539 | Zot:5    | Gained mutation: You passively map a small area around you.
                  | [potion of mutation]
 69539 | Zot:5    | Gained mutation: You sometimes lose the ability to read
                  | scrolls when taking damage. [potion of mutation]
 69539 | Zot:5    | Gained mutation: You are occasionally teleported next to
                  | monsters. [potion of mutation]
 69540 | Zot:5    | Lost mutation: You sometimes lose the ability to read
                  | scrolls when taking damage. [potion of mutation]
 69540 | Zot:5    | Gained mutation: You are agile. (Dex +2) [potion of
                  | mutation]
 69540 | Zot:5    | Gained mutation: Your mind is acute. (Int +2) [potion of
                  | mutation]
 69541 | Zot:5    | Lost mutation: Your mind is acute. (Int +2) [potion of
                  | mutation]
 69541 | Zot:5    | Lost mutation: You are occasionally teleported next to
                  | monsters. [potion of mutation]
 69541 | Zot:5    | Gained mutation: You are occasionally teleported next to
                  | monsters. [potion of mutation]
 69541 | Zot:5    | Gained mutation: You possess an exceptional clarity of
                  | mind. [potion of mutation]
 69542 | Zot:5    | Lost mutation: You are occasionally teleported next to
                  | monsters. [potion of mutation]
 69542 | Zot:5    | Lost mutation: You passively map a small area around you.
                  | [potion of mutation]
 69542 | Zot:5    | Gained mutation: Armour fits poorly on your strangely
                  | shaped body. [potion of mutation]
 69542 | Zot:5    | Gained mutation: You are strong-willed. (Will+) [potion of
                  | mutation]
 69542 | Zot:5    | Gained mutation: You are occasionally teleported next to
                  | monsters. [potion of mutation]
 69542 | Zot:5    | Gained mutation: You passively dampen the noise of your
                  | surroundings. [potion of mutation]
 69543 | Zot:5    | Lost mutation: You are agile. (Dex +2) [potion of mutation]
 69543 | Zot:5    | Lost mutation: Armour fits poorly on your strangely shaped
                  | body. [potion of mutation]
 69543 | Zot:5    | Gained mutation: You expend magic power (3 MP) to
                  | strengthen your wands. [potion of mutation]
 69544 | Zot:5    | Lost mutation: You expend magic power (3 MP) to strengthen
                  | your wands. [potion of mutation]
 69544 | Zot:5    | Lost mutation: You possess an exceptional clarity of mind.
                  | [potion of mutation]
 69544 | Zot:5    | Lost mutation: You are strong-willed. (Will+) [potion of
                  | mutation]
 69544 | Zot:5    | Lost mutation: You are occasionally teleported next to
                  | monsters. [potion of mutation]
 69544 | Zot:5    | Gained mutation: You are dopey. (Int -2) [potion of
                  | mutation]
 69544 | Zot:5    | Gained mutation: You have a pair of small horns on your
                  | head. [potion of mutation]
 69544 | Zot:5    | Gained mutation: You have a pair of horns on your head.
                  | [potion of mutation]
 69545 | Zot:5    | Lost mutation: You are dopey. (Int -2) [potion of mutation]
 69545 | Zot:5    | Lost mutation: You passively dampen the noise of your
                  | surroundings. [potion of mutation]
 69545 | Zot:5    | Gained mutation: Potions are less effective at restoring
                  | your health. [potion of mutation]
 69545 | Zot:5    | Gained mutation: You are resistant to electric shocks.
                  | (rElec) [potion of mutation]
 69545 | Zot:5    | Gained mutation: You tend to lose your temper in combat.
                  | [potion of mutation]
 69545 | Zot:5    | Gained mutation: You are strong-willed. (Will+) [potion of
                  | mutation]
 69546 | Zot:5    | Lost mutation: You are strong-willed. (Will+) [potion of
                  | mutation]
 69546 | Zot:5    | Lost mutation: You have a pair of horns on your head.
                  | [potion of mutation]
 69546 | Zot:5    | Gained mutation: Your muscles are strong. (Str +2) [potion
                  | of mutation]
 69546 | Zot:5    | Lost mutation: You have a pair of small horns on your head.
                  | [potion of mutation]
 69547 | Zot:5    | Lost mutation: You are resistant to electric shocks.
                  | (rElec) [potion of mutation]
 69547 | Zot:5    | Lost mutation: Your muscles are strong. (Str +2) [potion of
                  | mutation]
 69547 | Zot:5    | Gained mutation: Your system is resistant to poisons.
                  | (rPois) [potion of mutation]
 69547 | Zot:5    | Gained mutation: Your flesh is cold resistant. (rC+)
                  | [potion of mutation]
 69548 | Zot:5    | Lost mutation: You tend to lose your temper in combat.
                  | [potion of mutation]
 69548 | Zot:5    | Lost mutation: Potions are less effective at restoring your
                  | health. [potion of mutation]
 69548 | Zot:5    | Gained mutation: You have a pair of small horns on your
                  | head. [potion of mutation]
 69548 | Zot:5    | Gained mutation: You are strong-willed. (Will+) [potion of
                  | mutation]
 69548 | Zot:5    | Gained mutation: Your movements are slightly less
                  | encumbered by armour. (ER -2) [potion of mutation]
 70293 | Zot:5    | Noticed an orb of fire
 70321 | Zot:5    | Noticed an orb of fire
 70325 | Zot:5    | Killed an orb of fire
 70325 | Zot:5    | Noticed an orb of fire
 70351 | Zot:5    | Noticed an orb of fire
 70370 | Zot:5    | Killed an orb of fire
 70413 | Zot:5    | Killed an orb of fire
 70438 | Zot:5    | Killed an orb of fire
 70642 | Zot:5    | Noticed an ancient lich
 70657 | Zot:5    | Killed an ancient lich
 70744 | Zot:5    | Noticed an orb of fire
 70790 | Zot:5    | Killed an orb of fire
 70974 | Zot:5    | Noticed a dread lich
 70998 | Zot:5    | Killed a dread lich
 71101 | Zot:5    | Noticed an ancient lich
 71103 | Zot:5    | Noticed a dread lich
 71109 | Zot:5    | Killed an ancient lich
 71115 | Zot:5    | Killed a dread lich
 71171 | Zot:5    | Noticed a dread lich
 71178 | Zot:5    | Killed a dread lich
 71595 | Pan      | Entered Pandemonium
 71680 | Pan      | Noticed Ahufof the pandemonium lord
 71686 | Pan      | Killed Ahufof the pandemonium lord
 71957 | Pan      | Noticed Xyduetuo the pandemonium lord
 71984 | Pan      | Killed Xyduetuo the pandemonium lord
 72033 | Pan      | Noticed Qedeg the pandemonium lord
 72052 | Pan      | Killed Qedeg the pandemonium lord
 72466 | Pan      | Gained mutation: You are dopey. (Int -2) [a neqoxec]
 72584 | Pan      | Learned a level 9 spell: Shatter
 72813 | Pan      | Noticed Kaxziacie the pandemonium lord
 72832 | Pan      | Killed Kaxziacie the pandemonium lord
 72874 | Pan      | Got a demonic rune of Zot
 72938 | Pan      | Entered the realm of Cerebov.
 73253 | Pan      | Identified the +12 rapier of Yrphori {speed, +Blink rN+
                  | Str+4 Int+5}
 73294 | Pan      | Identified the ring of Fallacy {rElec AC+4 Int+3}
 73308 | Pan      | Got a fiery rune of Zot
 73347 | Depths:2 | Escaped Pandemonium
 73360 | Pan      | Entered Pandemonium
 73360 | Pan      | Found an exit through the horrors of the Abyss.
 73661 | Pan      | Entered the realm of Lom Lobon.
 73963 | Pan      | Reached skill level 15 in Earth Magic
 73981 | Pan      | Noticed Lom Lobon
 73987 | Pan      | Got a magical rune of Zot
 73993 | Pan      | Entered the realm of Mnoleg.
 74144 | Pan      | Found an exit through the horrors of the Abyss.
 74666 | Pan      | Noticed Mnoleg
 74672 | Pan      | Paralysed by a floating eye for 4 turns
 74705 | Pan      | Killed Mnoleg
 74793 | Pan      | Gained mutation: You occasionally shout uncontrollably at
                  | your foes. [a neqoxec]
 74798 | Pan      | Lost mutation: You are strong-willed. (Will+) [potion of
                  | mutation]
 74798 | Pan      | Lost mutation: Your movements are slightly less encumbered
                  | by armour. (ER -2) [potion of mutation]
 74798 | Pan      | Lost mutation: Your system is resistant to poisons. (rPois)
                  | [potion of mutation]
 74798 | Pan      | Gained mutation: You expend magic power (3 MP) to
                  | strengthen your wands. [potion of mutation]
 74798 | Pan      | Lost mutation: You are dopey. (Int -2) [potion of mutation]
 74799 | Pan      | Lost mutation: You occasionally shout uncontrollably at
                  | your foes. [potion of mutation]
 74799 | Pan      | Lost mutation: You have a pair of small horns on your head.
                  | [potion of mutation]
 74799 | Pan      | Gained mutation: Your movements are slightly less
                  | encumbered by armour. (ER -2) [potion of mutation]
 74799 | Pan      | Gained mutation: Your mind is acute. (Int +2) [potion of
                  | mutation]
 74832 | Pan      | Got a glowing rune of Zot
 74838 | Pan      | Gained mutation: Your magical capacity is low. (-10% MP) [a
                  | cacodemon]
 74860 | Pan      | Lost mutation: Your mind is acute. (Int +2) [potion of
                  | mutation]
 74860 | Pan      | Lost mutation: Your magical capacity is low. (-10% MP)
                  | [potion of mutation]
 74860 | Pan      | Lost mutation: Your flesh is cold resistant. (rC+) [potion
                  | of mutation]
 74860 | Pan      | Gained mutation: Potions are less effective at restoring
                  | your health. [potion of mutation]
 74860 | Pan      | Gained mutation: Your muscles are strong. (Str +2) [potion
                  | of mutation]
 75757 | Pan      | Noticed Lom Lobon
 75809 | Pan      | Found a transporter.
 76039 | Pan      | Entered the realm of Gloorx Vloq.
 76226 | Pan      | Noticed Gloorx Vloq
 76241 | Pan      | Killed Gloorx Vloq
 76283 | Pan      | Got a dark rune of Zot
 76354 | Pan      | Found an exit through the horrors of the Abyss.
 76389 | Pan      | Took an exit into the Abyss.
 76389 | Abyss:1  | Escaped into the Abyss
 76424 | Depths:2 | Escaped the Abyss
 76447 | Hell     | Entered the Vestibule of Hell
 76447 | Hell     | Noticed Geryon
 76449 | Hell     | Noticed Murray
 76465 | Hell     | Killed Murray
 76470 | Hell     | Killed Geryon
 76599 | Hell     | Found a gateway to the decaying netherworld of Tartarus.
 76623 | Tar:1    | Entered Level 1 of Tartarus
 76820 | Tar:1    | Noticed a dread lich
 76843 | Tar:1    | Killed a dread lich
 76869 | Tar:1    | Noticed an ancient lich
 76869 | Tar:1    | Noticed a dread lich
 76870 | Tar:1    | Noticed an ancient lich
 76874 | Tar:1    | Noticed an ancient lich
 76880 | Tar:1    | Killed an ancient lich
 76884 | Tar:1    | Killed a dread lich
 76893 | Tar:1    | Killed an ancient lich
 76913 | Tar:1    | Killed an ancient lich
 76914 | Tar:1    | Noticed an ancient lich
 76915 | Tar:1    | Noticed an ancient lich
 76926 | Tar:1    | Killed an ancient lich
 76931 | Tar:1    | Killed an ancient lich
 77203 | Tar:3    | You fall into a shaft and drop 1 floor!
 77830 | Tar:6    | Noticed a royal mummy
 77865 | Tar:6    | Killed a royal mummy
 78045 | Tar:7    | Entered Level 7 of Tartarus
 78095 | Tar:7    | Noticed a dread lich
 78108 | Tar:7    | Killed a dread lich
 78110 | Tar:7    | Noticed an ancient lich
 78130 | Tar:7    | Killed an ancient lich
 78181 | Tar:7    | Got a bone rune of Zot
 78346 | Hell     | Found a gateway to the ashen valley of Gehenna.
 78371 | Geh:1    | Entered Level 1 of Gehenna
 78831 | Geh:3    | Noticed a dread lich
 78846 | Geh:3    | Killed a dread lich
 79413 | Geh:7    | Entered Level 7 of Gehenna
 79787 | Geh:7    | Found the +7 sceptre of Asmodeus
 79787 | Geh:7    | Noticed Asmodeus
 79829 | Geh:7    | Killed Asmodeus
 79860 | Geh:7    | Got an obsidian rune of Zot
 79956 | Hell     | Found a gateway to the Iron City of Dis.
 79969 | Dis:1    | Entered Level 1 of the Iron City of Dis
 80053 | Dis:2    | Noticed a dread lich
 80054 | Dis:2    | Slain by a Hell Sentinel

Illustrated notes

Levels and vault maps discovered:
D:1:      psy_arrival_conway, layout_basic, st_stairs_12
D:2:      layout_basic, serial_co_window_serial, co_window_cross_1,
          co_window_paths_a, co_window_cross_1, co_window_paths_a,
          co_window_paths_b, co_window_paths_c, co_window_2corner,
          co_window_paths_c, co_window_unsneaky_path_c, co_window_2corner,
          co_window_sun, co_window_4corner_b, ebering_ecumenical_altar_webs
D:3:      layout_loops_ring, serial_shops, nicolae_shop_overgrown_old_shop,
          kennysheep_potato, uniq_grinder, uniq_ijyb
D:4:      kennysheep_big_flooded_room, layout_layer_cave, portal_sewer_entry_e,
          uniq_edmund, uniq_duvessa, uniq_menkaure, uniq_crazy_yiuf_cottage
D:5:      layout_basic, serial_bayou_crossing
D:6:      layout_rooms, minmay_temple_entry_metal_lava, roderic_batcave,
          uniq_maggie
D:7:      layout_basic, st_stairs_11, uniq_pikel
D:8:      layout_rooms, mainiacjoe_overflow_six_doors_small, uniq_grum,
          uniq_prince_ribbit1
D:9:      layout_rooms, kennysheep_orc_monster_closet_entryway,
          minmay_misc_feat_columns
D:10:     layout_roguey, dpeg_oklobed_lair, nicolae_figureground_sparkle
D:11:     layout_rooms, serial_shops, nicolae_shop_behind_doors, enter_bailey_4
D:12:     layout_long_grid, biasface_ghost_orc_armoury
D:13:     minmay_smoke_and_mirrors, layout_gridville, david_vaults_4,
          kennysheep_vampire_church
D:14:     layout_loops_ring, nicolae_trove_entry_crystal, serial_shops,
          nicolae_shop_hallway_stairs, bloody_makhleb, nicolae_shop_self_help
D:15:     grunt_enter_depths_hoard, layout_cave_pools,
          portal_ice_cave_entry_ice_statue_one, serial_shops, shop, st_stairs_5
Temple:   grunt_wide_crystal_templ
Lair:1:   dpeg_oklob_gauntlet, layout_regular_city, ebering_ghost_inner_flame
Lair:2:   layout_cave_pods, minmay_shoals_entry_centaurs,
          guppyfry_snake_entry_island, serial_bayou_shore_b, lemuel_fruit_tree,
          infiniplex_staircase_pool
Lair:3:   layout_gridlike, chequers_serial_rivers_micro_d,
          minmay_lair_oklob_bushes
Lair:4:   layout_regular_city, grunt_megastairs_3, serial_bayou_shore_b
Lair:5:   layout_regular_city, beast_lair_carwin_8, grunt_megastairs_5
Lair:6:   grunt_lair_end_beastmaster, layout_cave_pods,
          dpeg_slime_entry_enclosed_altar, grunt_megastairs_2,
          infiniplex_staircase_pool_2, uniq_snorg
Shoals:1: layout_shoals, uniq_frances
Shoals:2: layout_shoals, uniq_polyphemus
Shoals:3: layout_shoals, gammafunk_ghost_grave, nicolae_shoals_water_shrine
Shoals:4: shoals_end_hangedman, layout_shoals, nicolae_shoals_undead_eyrie
Snake:1:  onia_ninara_swampy_vault, layout_chambers, basic_altar,
          fake_guardian_serpent_vault
Snake:2:  layout_onion, st_stairs_7, nicolae_snake_dead_anacondas
Snake:3:  layout_onion, guppyfry_snake_island
Snake:4:  snake_pit, layout_chambers, minmay_shop_grove, serial_bayou_shore_a
Slime:1:  layout_caves
Slime:2:  layout_caves
Slime:3:  layout_caves
Slime:4:  cheibrodos_slime_lost_civilization_9, layout_caves, uniq_dissolution
Slime:5
Orc:1:    layout_caves, basic_altar
Orc:2:    grunt_orc_tribal_feast, layout_diamond_mine, basic_altar,
          gammafunk_ghost_fury_of_okawaru, uniq_donald
Elf:1:    eino_elf_arrival_customs, layout_onion_city,
          minmay_elf_crystal_heptagon, uniq_roxanne, uniq_louise
Elf:2:    nicolae_elf_blades_splatter_lattice [nooodl_blade_entry_preview],
          layout_geoelf_grid
Elf:3:    minmay_elf_hall_spiked, layout_gridlike, minivault_11, drop_trap
Vaults:1: v_misc_26, vaults_room_hallway, nicolae_vaults_little_squares_5,
          v_rooms_4, nicolae_vaults_hallways_thing, vaults_standard_mumra_x,
          hangedman_vaults_maws, v_misc_10, hangedman_vaults_river_flow,
          layout_vaults_maze, serial_shops, nicolae_shop_overgrown_old_shop
Vaults:2: v_misc_12, nicolae_vaults_bisected_exclaves,
          nicolae_vaults_big_angled_halls, v_misc_12, ontoclasm_vaults_eye,
          minmay_crypt_entry_simple_sparse, v_misc_28, nicolae_vaults_murderbox,
          nicolae_vaults_yaktaur_gun_rack, vaults_room_grid,
          layout_vaults_big_room, uniq_aizul
Vaults:3: hangedman_vaults_restitches, nicolae_vaults_ninety_degrees,
          vaults_dpeg_encased_lava, nicolae_vaults_network_barrier,
          v_alt_pattern_3, nicolae_vaults_rhombus_6,
          ontoclasm_vaults_ring_large, v_misc_31, grunt_vaults_hallway_long,
          vaults_mumra_minichess_inversion, hangedman_vaults_trim,
          nicolae_vaults_little_squares_1, layout_vaults_big_cross
Vaults:4: gammafunk_ghost_spectres, v_pattern_3, v_misc_4, v_misc_30,
          v_alt_pattern_4, v_misc_2, grunt_vaults_focal, vaults_room_fours,
          vaults_room_grunt_arrival_checkpoint, ontoclasm_vaults_gateway,
          layout_vaults_quadrants
Vaults:5: uniq_sojobo, uniq_bai_suzhen
Crypt:1:  layout_gridlike, serial_sigils_hangedman_etch, hex_intersection,
          uniq_khufu
Crypt:2:  layout_rooms, moated_statue, st_stairs_5
Crypt:3:  due_elkab, layout_chaotic_city, tomb_entry_simple_bobbens,
          uniq_saint_roka, uniq_xtahua, uniq_jory
Tomb:1
Tomb:2
Tomb:3
Depths:1: layout_forbidden_donut, minmay_misc_feat_five, serial_shops,
          nicolae_shop_hallway_plus, hellmouth_1,
          nicolae_qazlal_eye_of_the_storm, minmay_shoptagon, uniq_enchantress,
          uniq_nikola
Depths:2: box_level_dp, pan_entry, hell_entry
Depths:3: minmay_the_grid_octo_tiled_octocenter_mashed [minmay_the_grid_octo_77,
          minmay_the_grid_octo_vomiting_pacman, minmay_the_grid_octo_horde,
          minmay_the_grid_octo_focus,
          minmay_the_grid_octo_prize_square_snowflake,
          minmay_the_grid_square_5x5_trominoes,
          minmay_the_grid_square_5x5_misaligned, minmay_the_grid_square_5x5_n,
          minmay_the_grid_square_5x5_tie], layout_long_grid, hell_entry,
          minmay_room_of_horrors, tso_oasis_becter,
          infiniplex_staircase_pillars_3a, uniq_boris
Depths:4: grunt_zot_entry_funnels, layout_gridlike, hell_entry, serial_shops,
          nicolae_shop_behind_doors, chequers_hall_statues_wall_a,
          kennysheep_random_hallway, minmay_shop_star, serial_bayou_shore_b,
          serial_bayou_shore_b, uniq_frederick
Hell
Dis:1:    layout_jigsaw, nicolae_dis_emergency_hatch
Dis:2:    hangedman_dis_monolith, layout_regular_city
Geh:1:    layout_gehenna_pools_triple, nicolae_hells_hurtin_island
Geh:2:    layout_gehenna_lava_caves
Geh:3:    layout_gehenna_pools_basic, nicolae_geh_fourpack
Geh:4:    layout_gehenna_lava_caves
Geh:5:    layout_gehenna_pools_box
Geh:6:    layout_gehenna_lava_caves
Geh:7:    evilmike_geh
Tar:1:    layout_catacombs, nicolae_hells_leichenhalle
Tar:2:    layout_catacombs
Tar:3:    layout_honeycomb
Tar:4:    layout_honeycomb
Tar:5:    layout_honeycomb
Tar:6:    nicolae_tar_entombed_in_hell, layout_cathedral_of_symmetry,
          nicolae_tar_combstack
Tar:7:    tar_old
Zot:1:    layout_gridville
Zot:2:    layout_misc_corridors, st_stairs_5, hangedman_zot_gyre,
          grunt_ministairs_15, lemuel_baited_zot_trap, uniq_tiamat
Zot:3:    layout_misc_corridors, chequers_guarded_unrand_mask_of_the_dragon
Zot:4:    lemuel_draconian_sentries, layout_twisted_circle
Zot:5:    layout_twisted_circle, nicolae_transmutations_shop,
          lemuel_baited_zot_trap, st_stairs_9

Skill      XL: |  1  2  3  4  5  6  7  8  9 10 11 12 13 14 15 16 17 18 19 20 21 22 23 24 25 26 27 |
---------------+----------------------------------------------------------------------------------+-----
Long Blades    | 2 3 |  3.2
Dodging        | 2 5 7 9 10 13 | 13.0
Short Blades   | 4 5 7 |  7.6
Stealth        | 3 6 8 9 13 21 | 21.1
Evocations     | 4 6 8 13 | 13.2
Fighting       | 4 6 8 10 11 13 14 16 18 20 21 22 23 | 23.6
Translocations | 5 7 |  7.5
Invocations    | 5 8 12 14 16 17 20 22 23 24 | 24.0
Spellcasting   | 5 8 10 12 13 14 18 | 18.0
Throwing       | 4 8 9 10 12 13 16 | 16.0
Transmutations | 6 9 12 14 15 16 | 16.0
Earth Magic    | 6 9 10 24 | 24.1
Necromancy     | 2 11 16 18 | 18.0
Ice Magic      | 24 | 24.1
Armour         | |  0.9

Action                   |  1- 3 |  4- 6 |  7- 9 | 10-12 | 13-15 | 16-18 | 19-21 | 22-24 | 25-27 || total
-------------------------+-------+-------+-------+-------+-------+-------+-------+-------+-------++-------
Melee: Falchion          |   179 |       |       |       |       |       |       |       |       ||   179
       Dagger            |     1 |    55 |       |       |       |       |       |       |       ||    56
       Pair of quick bla |       |    59 |   278 |   861 |  1679 |  1667 |  1959 |  1205 |  6126 || 13834
       Headbutt          |       |       |       |       |       |       |       |       |   542 ||   542
Throw: Boomerang         |       |       |       |       |    25 |    16 |    42 |       |       ||    83
       Javelin           |       |       |       |       |       |       |       |       |   167 ||   167
 Cast: Teleport Other    |       |       |       |     3 |     1 |       |       |       |       ||     4
       Blink             |       |       |       |     4 |    18 |    19 |    18 |    19 |    32 ||   110
       Apportation       |       |       |       |       |     4 |     6 |    22 |       |   106 ||   138
       Statue Form       |       |       |       |       |       |    30 |    57 |    45 |    65 ||   197
       Necromutation     |       |       |       |       |       |       |    10 |     1 |   117 ||   128
       Passwall          |       |       |       |       |       |       |       |     2 |     7 ||     9
       Passage of Golubr |       |       |       |       |       |       |       |     1 |    12 ||    13
       Polar Vortex      |       |       |       |       |       |       |       |       |    60 ||    60
       Shatter           |       |       |       |       |       |       |       |       |    37 ||    37
Invok: Slouch            |       |       |       |       |     5 |    12 |    14 |    11 |    41 ||    83
       Temporal Distorti |       |       |       |       |       |     1 |     1 |       |       ||     2
       Step From Time    |       |       |       |       |       |       |     6 |       |     6 ||    12
 Abil: End Transformatio |       |       |       |       |       |       |     2 |     1 |     6 ||     9
Evoke: Wand              |       |     4 |       |     1 |     3 |     6 |     1 |       |    20 ||    35
       Condenser vane    |       |       |       |       |       |     3 |     4 |       |    14 ||    21
       Tin of tremorston |       |       |       |       |       |       |     5 |     5 |    18 ||    28
  Use: Scroll            |       |     4 |     5 |     7 |    20 |     3 |    16 |     8 |    26 ||    89
       Potion            |       |     1 |       |       |     2 |     5 |     5 |     1 |    30 ||    44
 Stab: Sleeping          |     1 |       |     2 |     9 |    31 |    16 |    45 |    18 |    73 ||   195
       Invisible         |       |       |       |       |    16 |       |       |       |     2 ||    18
       Petrified         |       |       |       |       |     6 |       |       |       |       ||     6
       Petrifying        |       |       |       |       |     3 |       |       |       |       ||     3
       Paralysed         |       |       |       |       |     3 |     7 |    17 |     8 |    46 ||    81
       Distracted        |       |       |       |       |     2 |     4 |     5 |     2 |    26 ||    39
       Confused          |       |       |       |       |       |       |     3 |       |       ||     3
Armor: Leather armour    |    56 |    26 |    20 |       |    32 |       |       |       |       ||   134
       Acid dragon scale |       |       |    19 |   150 |    61 |       |       |       |       ||   230
       Skin              |       |       |       |       |    29 |   264 |   436 |   429 |   758 ||  1916
       Troll leather arm |       |       |       |       |    51 |    73 |   166 |    99 |  1306 ||  1695
       Scale mail        |       |       |       |       |    49 |       |       |       |       ||    49
       Crystal plate arm |       |       |       |       |       |    25 |       |       |       ||    25
Dodge: Dodged            |   189 |    59 |    96 |   343 |   893 |   985 |  1428 |   894 |  5400 || 10287

Table legend: (Time is in decaauts)
 A = Elapsed time spent in this place.
 B = Non-inter-level travel time spent in this place.
 C = Inter-level travel time spent in this place.
 D = Time resting spent in this place.
 E = Time spent auto-exploring this place.
 F = Levels seen in this place.
 G = Mean time per level.
                   A        B        C        D        E       F      G
               +--------+--------+--------+--------+--------+-----+--------+
         Total | 113746 | 103221 |  10525 |   2066 |  74476 | 114 |  997.8 |
       Dungeon |  18822 |  16103 |   2719 |    207 |  13326 |  15 | 1254.8 |
        Temple |     45 |     23 |     22 |      0 |     13 |   1 |   45.0 |
          Lair |  11406 |  10220 |   1186 |    430 |   8359 |   6 | 1901.0 |
        Shoals |   6060 |   5749 |    311 |     50 |   4201 |   4 | 1515.0 |
     Snake Pit |   7669 |   7410 |    259 |     93 |   6056 |   4 | 1917.2 |
    Slime Pits |   2175 |   1921 |    254 |    461 |    471 |   5 |  435.0 |
  Orcish Mines |   2445 |   2274 |    171 |     50 |   1709 |   2 | 1222.5 |
   Elven Halls |   6234 |   5235 |    999 |    126 |   4088 |   3 | 2078.0 |
        Vaults |  13931 |  12522 |   1409 |    173 |   9742 |   5 | 2786.2 |
         Crypt |   4871 |   4460 |    411 |      0 |   3449 |   3 | 1623.7 |
          Tomb |   4562 |   3953 |    609 |      0 |   2764 |   3 | 1520.7 |
        Depths |  10720 |   9581 |   1139 |     68 |   7271 |   4 | 2680.0 |
          Hell |    428 |    422 |      6 |      0 |    105 |   1 |  428.0 |
           Dis |     57 |     57 |      0 |      0 |      0 |   2 |   28.5 |
       Gehenna |   1885 |   1875 |     10 |    102 |    322 |   7 |  269.3 |
      Tartarus |   1835 |   1813 |     22 |     49 |    929 |   7 |  262.1 |
           Zot |   9044 |   8052 |    992 |     52 |   5789 |   5 | 1808.8 |
         Abyss |    764 |    764 |      0 |     33 |    134 |   4 |  191.0 |
   Pandemonium |   6052 |   6052 |      0 |    110 |   3032 |  15 |  403.5 |
      Ziggurat |   2060 |   2060 |      0 |     28 |    901 |  15 |  137.3 |
         Trove |    106 |    106 |      0 |      0 |      9 |   1 |  106.0 |
        Bailey |    950 |    950 |      0 |      0 |    700 |   1 |  950.0 |
      Ice Cave |   1615 |   1615 |      0 |     32 |   1101 |   1 | 1615.0 |
               +--------+--------+--------+--------+--------+-----+--------+

Top non-repeatable levels by time:
Depths:2: 3787 daAuts
Vaults:4: 3756 daAuts
  Lair:6: 3284 daAuts
Vaults:5: 2894 daAuts
Vaults:3: 2709 daAuts
Depths:3: 2613 daAuts
 Snake:1: 2598 daAuts
Vaults:2: 2522 daAuts
Depths:4: 2517 daAuts
   Elf:1: 2505 daAuts
   Zot:5: 2502 daAuts
 Crypt:3: 2457 daAuts
  Tomb:1: 2449 daAuts
    D:13: 2445 daAuts
   Elf:3: 2411 daAuts
